[Event "Doeberl Cup 2022"]
[Site "Canberra"]
[Date "2022.04.15"]
[Round "3.1"]
[White "Ikeda, Junta"]
[Black "Melkumyan, Hrant"]
[Result "0-1"]
[ECO "D00"]
[WhiteElo "2457"]
[BlackElo "2649"]
[Annotator "TA"]
[PlyCount "94"]
[EventDate "2022.04.14"]
[EventType "swiss"]
[EventCountry "AUS"]
[SourceTitle "playchess.com"]
[Source "ChessBase"]
[SourceQuality "1"]
[TimeControl "5400+30"]

1. d4 d5 2. Nc3 Nf6 3. Bf4 Bf5 4. e3 e6 5. Nb5 Na6 6. Bd3 {[%emt 0:04:22] D00: 1 d4 d5: Unusual lines.} c6 7. Nc3 {[%emt 0:00:18] [#]} Bd6 $146 ({Predecessor:} 7... Bxd3 8. Qxd3 Qb6 9. Nge2 Be7 10. O-O O-O 11. a3 h6 12. b4 Rac8 13. Rfb1 Nc7 {0-1 (61) Tica,S (2387)-Divya,D (2305) Chess.com INT 2021}) 8. Nf3 {[%emt 0:18:46] The position is equal.} Bxd3 9. Qxd3 Bxf4 10. exf4 O-O 11. O-O c5 12. dxc5 Nxc5 13. Qe3 Qb6 14. Rab1 Rac8 15. Rfd1 Rfe8 16. Ne5 Ncd7 17. Qxb6 Nxb6 18. Rd2 Nc4 19. Nxc4 Rxc4 20. g3 g6 21. f3 Rec8 22. Rc1 Ne8 (22... Rb4 $5 23. Nd1 Ne8 $11) 23. Ne2 Nd6 24. b3 {[%emt 0:01:57] Inhibits Ra4.} R4c5 25. Nd4 b5 26. Ra1 (26. a3 $15) 26... Nf5 $17 27. Nxf5 gxf5 {[%emt 0:00:07][%mdl 4096] Endgame KRR-KRR} 28. a4 b4 ({Stronger than} 28... Rxc2 29. Rxc2 Rxc2 30. axb5 $15) 29. a5 Rxc2 30. Rxc2 Rxc2 {[%emt 0:00:09] KR-KR} 31. Ra4 Rc5 {[%emt 0:01:02] &Nero is more active.} 32. Kf2 Kg7 33. h3 Rc2+ (33... h5 $142 34. a6 Rc6) 34. Ke1 a6 35. Kd1 (35. Rxb4 $17 Rc5 36. g4) 35... Rb2 ({Black should play} 35... Rh2 $19 36. Rxb4 Rxh3) 36. Rxb4 Ra2 37. Rb7 Rxa5 {[%emt 0:21:21] White must now prevent ...Rb5.} 38. Kc2 (38. Ke2 $17 {was worth a try.}) 38... Ra2+ $19 39. Kd3 Rh2 40. h4 Rg2 41. Ra7 Rxg3 42. Ke3 Rh3 43. Rxa6 d4+ 44. Kf2 Rxh4 {[%emt 0:00:00] Threatens to win with ...h5.} 45. b4 $2 {[%emt 0:00:36] [#]} (45. Kg3 Rh1 46. Rd6) 45... Rh2+ {[%emt 0:00:00] Black is clearly winning.} 46. Ke1 (46. Kg3 $142 Rb2 47. Ra4) 46... Rb2 {[%emt 0:00:00] Strongly threatening ...h5.} 47. Ra4 d3 {[%emt 0:00:00] Weighted Error Value: White=0.43/Black=0.07 (flawless)} 0-1

[Event "Doeberl Cup 2022"]
[Site "Canberra"]
[Date "2022.04.15"]
[Round "3.2"]
[White "Bjelobrk, Igor"]
[Black "Cheng, Bobby"]
[Result "0-1"]
[ECO "E15"]
[WhiteElo "2403"]
[BlackElo "2550"]
[Annotator "TA"]
[PlyCount "78"]
[EventDate "2022.04.14"]
[EventType "swiss"]
[EventCountry "AUS"]
[SourceTitle "playchess.com"]
[Source "ChessBase"]
[SourceQuality "1"]
[TimeControl "5400+30"]

1. Nf3 d5 2. d4 Nf6 3. c4 e6 4. g3 Bb4+ 5. Bd2 Be7 6. Bg2 O-O 7. O-O Nbd7 8. Qc2 c6 9. Rd1 b6 10. b3 Ba6 11. Bc1 {[%emt 0:01:05] E15: Queen's Indian: 4 g3 sidelines, 4 g3 Ba6 and 4 g3 Bb7 early deviations.} Rc8 12. Bb2 Ne4 {[%emt 0:00:14] 12...Qc7 is a critical line.} 13. e3 {[%emt 0:10:39] White is slightly better.} f5 14. Nc3 {[%emt 0:07:28] [#]} Qe8 $5 $146 {[%emt 0:01:36][%mdl 8] New and interesting.} ({Predecessor:} 14... Bd6 15. a4 Qf6 16. a5 b5 17. c5 Bc7 18. Na2 Bb7 19. a6 Ba8 20. Nb4 e5 {0-1 (39) Barp,A (2388)-Hansen,E (2606) Chess.com INT 2022}) 15. Ne2 (15. a4 $14) 15... g5 (15... c5 $11) 16. Rdc1 h5 17. Qd1 ({White should try} 17. h4 $14) 17... h4 $11 18. Rc2 hxg3 {[%emt 0:07:06] Black continues to play with concentration.} 19. hxg3 Qh5 20. Rac1 (20. Nc3 $17) 20... Rf6 $1 $19 21. Nd2 {[%emt 0:04:01] [#]} Nxd2 {[%emt 0:09:10] 0x0.00138d2c0565dp-1022s more active pieces. The white rooks are badly placed.} ({And not} 21... Rh6 22. Nf1 $17 (22. Kf1 $2 Ndf6 $19)) 22. Qxd2 {[%emt 0:00:29] [#]} Rh6 $1 23. f3 ({Of course not} 23. Kf1 Nf6 24. a4 Ne4 $17) 23... g4 24. f4 (24. Kf2 $17) 24... Nf6 25. Qe1 Ne4 26. Kf1 Kf7 27. Bxe4 fxe4 (27... dxe4 28. Ng1 $17) 28. Ng1 Rch8 {[%emt 0:00:59][%cal Bc8h8,Bh8h5,Bh5a5][%mdl 32] White must now prevent ...Qh1.} ({Worse is} 28... Qh1 29. Rg2 $17) 29. Rg2 Qf5 30. Rcc2 (30. Qc3 {was called for.}) 30... Rh1 31. Qe2 R8h5 32. Qd2 dxc4 33. bxc4 Qa5 {[%emt 0:00:25] Hoping for ...Bb4.} 34. Qxa5 Rxa5 35. Rgf2 Rhh5 36. Kg2 Rxa2 37. Bc1 Ra4 38. Ra2 (38. c5 {was the only chance.} Bc4 39. Bb2) 38... Rha5 39. Rxa4 Rxa4 {[%emt 0:00:30] Weighted Error Value: White=0.33/Black=0.12 (very precise)} 0-1

[Event "Doeberl Cup 2022"]
[Site "Canberra"]
[Date "2022.04.15"]
[Round "3.3"]
[White "Fernandez, Daniel Howard"]
[Black "Winkelman, Albert"]
[Result "1-0"]
[ECO "E04"]
[WhiteElo "2487"]
[BlackElo "2257"]
[Annotator "TA"]
[PlyCount "47"]
[EventDate "2022.04.14"]
[EventType "swiss"]
[EventCountry "AUS"]
[SourceTitle "playchess.com"]
[Source "ChessBase"]
[SourceQuality "1"]
[TimeControl "5400+30"]

1. d4 Nf6 2. c4 e6 3. g3 d5 4. Bg2 dxc4 5. Nf3 Bb4+ 6. Bd2 c5 {[%emt 0:00:18] E04: Open Catalan: 5 Nf3.} 7. Bxb4 $1 {[%emt 0:04:04] The main line 7.Bxb4 scores better than 7.0-0.} cxb4 8. a3 bxa3 {[%emt 0:00:40] The position is equal.} 9. Nxa3 Nc6 10. Nxc4 O-O 11. O-O {[%emt 0:01:58] [#]} Qc7 $146 ({Predecessor:} 11... Rb8 12. e3 b6 13. Nfe5 Nxe5 14. Nxe5 Bb7 15. Rxa7 Bxg2 16. Kxg2 Qd5+ 17. Qf3 Qb5 {1-0 (34) Megalios,K (2390)-Colas,J (2293) Chess.com INT 2019}) 12. Qb3 b6 13. Qa3 {[%emt 0:07:59] Rfc1 is the strong threat. &Bianco is more active.} Rd8 $2 (13... Bb7 $16 {was necessary.}) 14. Rfc1 $18 {[%emt 0:00:04] [#] Hoping for Nce5.} Bb7 15. Nce5 Qd6 16. Qxd6 Rxd6 17. Ng5 Nd8 {[%emt 0:02:42] [#]} 18. Ngxf7 $1 Nxf7 19. Bxb7 Rb8 (19... Rf8 $142 20. e3 (20. Rxa7 Rxd4 21. Nxf7 Rxf7 $18) 20... a5) 20. Rc7 Nd8 21. Rxa7 {[%emt 0:01:41] Threatens to win with Bf3.} Rxd4 (21... Rxb7 {might work better.} 22. Rcxb7 Nxb7 23. Rxb7 h5) 22. Ba6 {[%emt 0:00:57] White is clearly winning.} Rb4 (22... b5 $142 23. Rxg7+ Kf8) 23. Rxg7+ Kf8 24. Bd3 {[%emt 0:01:35] White took control after the opening.  Weighted Error Value: White=0.21 (precise) /Black=0.64} 1-0

[Event "Doeberl Cup 2022"]
[Site "Canberra"]
[Date "2022.04.15"]
[Round "3.4"]
[White "Rathinalingam, Nethaji"]
[Black "Sardana, Rishi"]
[Result "0-1"]
[ECO "B26"]
[WhiteElo "1801"]
[BlackElo "2461"]
[Annotator "TA"]
[PlyCount "76"]
[EventDate "2022.04.14"]
[EventType "swiss"]
[EventCountry "AUS"]
[SourceTitle "playchess.com"]
[Source "ChessBase"]
[SourceQuality "1"]
[TimeControl "5400+30"]

1. e4 c5 2. Nc3 d6 3. g3 Nc6 4. Bg2 g6 5. d3 Bg7 6. Nge2 e5 7. O-O Nge7 8. Be3 O-O 9. Qd2 Nd4 10. Nd1 Bh3 {[%emt 0:02:43] B26: Closed Sicilian: 3 g3, lines with early Be3.} 11. Nxd4 {[%emt 0:10:48][%cal Od4c6] [#] Strongly threatening Nc6!} (11. Bxd4 {with more complications.} Bxg2 12. Bxe5 Bxf1 13. Bxg7 Kxg7 14. Qc3+) 11... Bxg2 {[%emt 0:00:23] [#]} 12. Kxg2 $146 {[%emt 0:00:19] Black must now prevent Ne2.} ({Predecessor:} 12. Nc6 bxc6 13. Kxg2 Rb8 14. Rb1 Qd7 15. Nc3 Qe6 16. b3 f5 17. f4 fxe4 18. Nxe4 {0-1 (28) Mahmutbegovic,N (1800)-Dizdarevic,B (1981) Belgrade 2013}) 12... cxd4 {[%emt 0:00:34] Black is slightly better.} 13. Bh6 Bxh6 14. Qxh6 d5 15. f4 (15. f3 $15) 15... dxe4 (15... f5 $17 16. fxe5 dxe4 17. dxe4 Qc7) 16. dxe4 $15 f5 17. fxe5 Qc7 18. exf5 (18. Qh4 $15) 18... Nxf5 ({Black should try} 18... Qxc2+ $19 19. Kg1 Rxf5) 19. Qd2 $17 Qxe5 {[%emt 0:00:00][%cal Of5h4] &Nero is more active.} 20. Re1 Qd5+ 21. Kg1 Rac8 {[%emt 0:00:00][%cal Od4d3] Threatens to win with ...d3!} 22. Ne3 Nxe3 $19 23. Rxe3 {[%emt 0:00:02] [#]} Rxc2 $1 24. Qxc2 dxe3 25. Qb3 Qxb3 26. axb3 {[%emt 0:00:01][%mdl 4096] Endgame KR-KR} Rd8 27. Re1 (27. Kf1 $142) 27... Rd3 28. Re2 $2 (28. b4) 28... Rxb3 29. Kg2 Kf7 30. Kf3 Ke6 31. Ke4 a5 32. h4 $2 (32. g4) 32... h5 33. Kf4 Kd5 {[%emt 0:00:30] aiming for ...Kd4.} 34. Kg5 Ke4 {[%emt 0:00:18] ( -> ...Kf3)} 35. g4 Kd3 36. gxh5 gxh5 {[%emt 0:00:07] Black mates.} 37. Rg2 Rb5+ 38. Kf4 e2 {[%emt 0:00:05] Weighted Error Value: White=1.00/Black=0.06 (flawless)} 0-1

[Event "Doeberl Cup 2022"]
[Site "Canberra"]
[Date "2022.04.15"]
[Round "3.5"]
[White "Johansen, Darryl K"]
[Black "Kargosha, Bahman"]
[Result "1-0"]
[ECO "C59"]
[WhiteElo "2385"]
[BlackElo "2084"]
[Annotator "TA"]
[PlyCount "71"]
[EventDate "2022.04.14"]
[EventType "swiss"]
[EventCountry "AUS"]
[SourceTitle "playchess.com"]
[Source "ChessBase"]
[SourceQuality "1"]
[TimeControl "5400+30"]

1. e4 e5 2. Nf3 Nc6 3. Bc4 Nf6 4. Ng5 d5 5. exd5 Na5 6. Bb5+ c6 7. dxc6 bxc6 8. Be2 h6 9. Nh3 $1 {[%emt 0:00:31][%mdl 4] is more profitable than 9.Nf3 at the moment.} Bd6 10. d3 Qc7 {[%emt 0:02:18][%mdl 1024] Black has compensation. C59: Two Knights: 4 Ng5 d5 5 exd5 Na5 5 Bb5+ c6 6 dxc6 bxc6 7 Be2.} 11. Nc3 Bf5 12. Bf3 Rd8 {[%emt 0:03:42] White has an edge.} 13. Qe2 O-O 14. O-O {[%emt 0:10:56] [#]} (14. g4 $14 {is superior.} Bc8 15. g5 $1) 14... c5 $146 ({Predecessor:} 14... Be6 15. Re1 Nd5 16. Bxd5 Bxd5 17. Ne4 Be7 18. Ng3 f6 19. Qg4 Kf7 20. Nf5 Rg8 21. Nf4 exf4 22. Rxe7+ Qxe7 23. Nxe7 Rge8 24. Bd2 {1-0 (24) Spaan,T (2305)-Van Gool,H (2180) Amsterdam 2004}) 15. Ne4 Nd5 16. Ng3 Be6 17. Bxd5 Bxd5 18. f4 (18. Nf5 {feels hotter.} Be6 19. Nxh6+ gxh6 20. Bxh6 f6 21. Bxf8 Rxf8 22. Nf4) 18... Nc6 ({Better is} 18... f5 $14) 19. f5 {[%emt 0:09:34] Threatens to win with f6.} f6 20. Be3 ({White should try} 20. c3 $16) 20... Nd4 21. Qf2 c4 22. c3 Nc6 23. dxc4 Bxc4 24. Rfd1 Be7 25. b3 Bf7 26. Qe2 Qa5 27. Ne4 Ba3 $2 {[%emt 0:02:52] [#]} (27... Rxd1+ $16 28. Rxd1 Rd8) 28. Nhf2 (28. Bxh6 $1 $18 {[%cal Oe4f6][%mdl 512] is more deadly. Intending Nxf6+! and mate.} Rxd1+ (28... Bd5 29. Qg4) 29. Rxd1) 28... Ne7 $2 {[%emt 0:00:14] A mistake that costs the game.} (28... Be7 $16 29. Rdb1 Rd7) 29. b4 Qc7 30. Bc5 Nxf5 31. Bxf8 Rxf8 32. Qa6 {[%emt 0:12:30] Inhibits a5.} Bb2 (32... Ne3 {keeps fighting.} 33. Qxa3 f5) 33. Rab1 $18 Bc4 34. Qa4 Ne3 (34... Bxc3 $142 35. Nxc3 Nd4) 35. Rxb2 {[%emt 0:00:27] Strongly threatening Rd7.} Nxd1 36. Qxd1 {[%emt 0:00:34] Weighted Error Value: White=0.26 (precise) /Black=0.50} 1-0

[Event "Doeberl Cup 2022"]
[Site "Canberra"]
[Date "2022.04.15"]
[Round "3.6"]
[White "Litchfield, Frederick"]
[Black "Wallis, Christopher"]
[Result "1/2-1/2"]
[ECO "C27"]
[WhiteElo "2096"]
[BlackElo "2337"]
[Annotator "TA"]
[PlyCount "79"]
[EventDate "2022.04.14"]
[EventType "swiss"]
[EventCountry "AUS"]
[SourceTitle "playchess.com"]
[Source "ChessBase"]
[SourceQuality "1"]
[TimeControl "5400+30"]

1. e4 e5 2. Bc4 Nf6 3. Nc3 Nxe4 4. Qh5 Nd6 5. Qxe5+ Qe7 6. Qxe7+ Bxe7 7. Be2 {[%emt 0:00:00] C27: Vienna Game: 2...Nf6 3 Bc4 Nxe4.} Nf5 8. Nf3 c6 9. g4 Nh4 10. Nxh4 Bxh4 11. Ne4 {[#] Nd6+ is the strong threat.} Be7 {[%emt 0:00:00] Against Nd6+} 12. d4 d5 13. Ng3 Bd6 {[%emt 0:00:00] [#]} 14. Be3 $146 ({Predecessor:} 14. O-O O-O 15. Bd2 g6 16. f4 b6 17. Rac1 Bb7 18. f5 c5 19. Bf4 Bxf4 20. Rxf4 {½-½ (45) McLaughlin,K (2371)-Cook,D (2261) ICCF email 2016}) 14... a5 15. Kd2 O-O 16. Rag1 Re8 17. h4 Nd7 18. Nf5 Bc7 19. Bd3 b6 20. c3 Ba6 21. Bc2 Nf8 22. Rh3 Ne6 23. Rf3 Rad8 24. g5 Rd7 25. h5 {[%emt 0:00:00] aiming for g6.} Nf8 {[%emt 0:00:00] Prevents g6.} 26. Nh4 {[%emt 0:00:00] White wants to play g6.} g6 27. Rh1 (27. Rf6 $5 ) 27... Rde7 (27... gxh5 $2 28. Nf5 $18) 28. Rf6 Bb7 (28... gxh5 $2 29. Nf5 $18) 29. Bd3 b5 (29... gxh5 $2 30. Nf5 $18) 30. Ng2 Nd7 31. Rf3 Nb6 32. b3 {[%emt 0:00:43] Prevents Nc4+.} b4 33. Rfh3 {[%emt 0:03:19] Hoping for hxg6.} bxc3+ 34. Kxc3 {[%emt 0:00:38] Threatens to win with hxg6.} Nd7 35. Nf4 ({Better is} 35. Bf4 $14 Nf8 36. Bxc7 Rxc7 37. Ne3) 35... Nf8 $1 $11 36. Kb2 (36. Rc1 $11) 36... c5 (36... Bc8 $15 {keeps the upper hand.} 37. Rh4 Rxe3 38. fxe3 Rxe3) 37. hxg6 $16 ({Inferior is} 37. dxc5 d4 38. Bd2 Bxh1 39. Rxh1 Re5 $15) 37... fxg6 38. Rh4 {[%emt 0:05:29] &Bianco is more active.} (38. dxc5 $16 Rf7 {[#]} 39. Bb5 $1) 38... cxd4 $11 39. Bxd4 Be5 40. Ne2 {[%emt 0:00:00] Weighted Error Value: White=0.13 (very precise) /Black=0.13 (very precise)} 1/2-1/2

[Event "Doeberl Cup 2022"]
[Site "Canberra"]
[Date "2022.04.15"]
[Round "3.7"]
[White "Press, Harry"]
[Black "Banerjee, Niki"]
[Result "1/2-1/2"]
[ECO "B01"]
[WhiteElo "2114"]
[BlackElo "2043"]
[Annotator "TA"]
[PlyCount "77"]
[EventDate "2022.04.14"]
[EventType "swiss"]
[EventCountry "AUS"]
[SourceTitle "playchess.com"]
[Source "ChessBase"]
[SourceQuality "1"]
[TimeControl "5400+30"]

1. e4 d5 2. exd5 Qxd5 3. Nc3 Qa5 4. d4 Nf6 5. Nf3 c6 6. Ne5 Bf5 7. Bc4 e6 8. Bd2 Nbd7 9. Qe2 Qc7 10. Nxd7 {[%emt 0:00:30] B01: Scandinavian Defence.} Nxd7 11. g4 (11. d5 $14) 11... Bg6 (11... Bxc2 $142 12. Bg5 Nb6 $1) 12. O-O-O {[%emt 0:00:30] The position is equal.} O-O-O 13. Bg5 Nf6 {[%emt 0:00:30] [#]} 14. Qf3 $146 ({Predecessor:} 14. h3 Be7 15. Qf3 h6 16. Bf4 Bd6 17. Bxd6 Rxd6 18. Bd3 Rxd4 19. Bxg6 Rxd1+ 20. Rxd1 fxg6 21. Qe3 Kb8 22. Qxe6 Re8 23. Qc4 g5 24. a3 a6 25. Kb1 Re7 26. Rd3 Kc8 {½-½ (26) Wessel,R-Schlaeger,J freechess.de 2014}) 14... h5 15. h3 ({Much weaker is} 15. Bxf6 gxf6 16. h3 (16. Qxf6 $2 Be7 $19) 16... hxg4 17. hxg4 Rxh1 18. Rxh1 Rxd4 $17) 15... hxg4 16. hxg4 Rxh1 17. Qxh1 Qa5 18. Bxf6 gxf6 19. Qf3 (19. f3 $15) 19... Bh6+ (19... Qg5+ $1 $17 20. Kb1 f5) 20. Kb1 $11 f5 21. Qe2 Rd6 22. d5 (22. Rh1 Bg7 23. gxf5 Bxf5 $17) 22... cxd5 23. Qe5 Bf8 24. gxf5 Bxf5 25. Bxd5 $1 Qc7 26. Rd4 f6 $1 $17 27. Qe2 ({Avoid the trap} 27. Qxf6 $2 Bg7 28. Bxe6+ Bxe6 29. Qxg7 Qxg7 $19) (27. Qf4 $17 Rxd5 28. Qxc7+ Kxc7 29. Nxd5+ exd5 30. Rf4) 27... exd5 $19 28. Nb5 Qc5 {[%emt 0:01:30] White must now prevent ...Re6.} 29. b4 {[%emt 0:02:50] [#]} Qxc2+ 30. Qxc2+ $17 Bxc2+ 31. Kxc2 $19 {[%emt 0:00:30][%mdl 4096] Endgame [#] KRB-KRN} Rb6 32. Rxd5 {[%emt 0:00:00] [#]} a6 33. Nd4 (33. Na7+ $2 Kc7 34. b5 Re6 $19) 33... Bxb4 34. Rh5 Rd6 35. Nb3 (35. Kd3 $142) 35... Kd7 36. f3 Re6 (36... b6 $142 37. Rh4 Rc6+ 38. Kd1 a5 39. Rd4+ Ke7) 37. Kd3 b6 38. Nd4 Rd6 {[%emt 0:00:30] ...Bc5 is the strong threat.} 39. Ke4 {[%emt 0:00:30] Weighted Error Value: White=0.27 (precise) /Black=0.20 (precise)} 1/2-1/2

[Event "Doeberl Cup 2022"]
[Site "Canberra"]
[Date "2022.04.15"]
[Round "4.1"]
[White "Melkumyan, Hrant"]
[Black "Fernandez, Daniel Howard"]
[Result "1/2-1/2"]
[ECO "D39"]
[WhiteElo "2649"]
[BlackElo "2487"]
[Annotator "TA"]
[PlyCount "64"]
[EventDate "2022.04.14"]
[EventType "swiss"]
[EventCountry "AUS"]
[SourceTitle "playchess.com"]
[Source "ChessBase"]
[SourceQuality "1"]
[TimeControl "5400+30"]

1. d4 Nf6 2. c4 e6 3. Nf3 d5 4. Nc3 Bb4 5. Bg5 dxc4 6. e4 h6 7. Bxf6 Qxf6 8. Bxc4 c5 {[%emt 0:00:18][%cal Bc7c5,Bc5d4][%mdl 32] 8...c5 is better than 8...0-0.} 9. e5 {[%emt 0:00:43] D39: Queen's Gambit Declined: Ragozin Defence with 5 Bg5 dxc4.} Qd8 10. O-O cxd4 11. Ne4 {[%emt 0:00:14] The position is equal.} O-O 12. Qc1 Qc7 13. Nf6+ Kh8 (13... gxf6 $2 14. exf6 Be7 15. Qxh6 $1 Bxf6 16. Qxf6 $18) 14. Rd1 Nd7 15. Rxd4 {[%emt 0:00:47][%cal Od4h4] Threatening mate with Rh4!} Be7 $1 (15... Nxe5 $2 {[#]} 16. Rh4 $1 Ng4 17. Nxg4 $18) 16. Qf4 Bc5 17. Qe4 Nxf6 (17... gxf6 18. Qh4 Kh7 19. exf6 Nxf6 20. Qxf6 Bxd4 21. Bd3+ Kg8 22. Nxd4 $18) 18. exf6 gxf6 {[%emt 0:00:14][%cal Bg7f6,Bf6f5][%mdl 32] [#]} 19. Rd2 $146 ({Of course not} 19. Bd3 f5 20. Qf4 Qxf4 21. Rxf4 Rd8 $17) ({Predecessor:} 19. Rdd1 f5 20. Qe2 Be7 21. Rac1 Bf6 22. Qd2 Kg7 23. Bxe6 Qb6 24. Bb3 Be6 25. Bxe6 Qxe6 {½-½ (50) Caruana,F (2823)-Anton Guijarro,D (2679) Wijk aan Zee 2021}) 19... f5 20. Qd3 Be7 21. Rad1 Bf6 22. Qe3 Kg7 23. Be2 b5 24. Bxb5 Rb8 25. Qe2 Bb7 {[%emt 0:06:51] Threatens to win with ...Bxf3.} 26. Nd4 {[%emt 0:04:41][%cal Od4e6] Nxe6+! is the strong threat.} Qe5 27. Bc4 Qxe2 28. Nxe2 Rfd8 29. Nd4 (29. Rxd8 $11 Rxd8 30. Rxd8 Bxd8 31. h3) 29... a5 30. b3 Be7 {[%emt 0:01:54] A strong pair of Bishops. Black is slightly better.} 31. Nb5 Kf6 32. Kf1 Rxd2 {[%emt 0:01:04] Weighted Error Value: White=0.11 (very precise) /Black=0.03 (flawless)} 1/2-1/2

[Event "Doeberl Cup 2022"]
[Site "Canberra"]
[Date "2022.04.15"]
[Round "4.2"]
[White "Cheng, Bobby"]
[Black "Sardana, Rishi"]
[Result "1-0"]
[ECO "D31"]
[WhiteElo "2550"]
[BlackElo "2461"]
[Annotator "TA"]
[PlyCount "79"]
[EventDate "2022.04.14"]
[EventType "swiss"]
[EventCountry "AUS"]
[SourceTitle "playchess.com"]
[Source "ChessBase"]
[SourceQuality "1"]
[TimeControl "5400+30"]

1. d4 d5 2. c4 e6 3. Nf3 a6 4. cxd5 exd5 5. Nc3 h6 6. Bf4 {[%emt 0:01:05] D31: Queen's Gambit Declined: Semi-Slav without ...Nf6 (+ Marshall Gambit and Noteboom) and Exchange Variation lines without ...Nf6.} Nf6 {[%emt 0:00:26] Prevents e4.} 7. e3 Bd6 8. Be5 {[%emt 0:00:30] White has an edge.} c6 9. Bd3 O-O 10. h3 Re8 11. O-O Bxe5 12. Nxe5 c5 13. Rc1 {[%emt 0:00:30] [#]} c4 $146 ({Predecessor:} 13... Qd6 14. Qf3 Be6 15. Qg3 cxd4 16. exd4 Nbd7 17. f4 Ne4 18. Qe1 Qb6 19. Qe3 Nxe5 20. fxe5 {½-½ (31) Vrolijk,L (2473)-Fataliyeva,U (2324) Sitges 2021}) 14. Bb1 b5 15. f4 Bb7 (15... b4 $5 16. Ne2 a5 $11) 16. Qf3 Ra7 (16... Nc6 $14) 17. g4 $16 {[%emt 0:00:30] 0x0.00249b13221edp-1022s more active pieces. The black rooks are badly placed.} Ne4 {[%emt 0:00:30] Prevents g5.} 18. Bxe4 (18. Nxe4 dxe4 19. Qg2 (19. Bxe4 Bxe4 20. Qxe4 f6 $15) 19... Bd5 $11) (18. g5 $5) 18... dxe4 19. Qg3 ({Not} 19. Nxe4 $2 f6 20. b3 Bd5 21. bxc4 bxc4 22. Rxc4 fxe5 $19) 19... Nc6 20. Rc2 Nb4 (20... f6 $14) 21. Rg2 $1 {[%emt 0:00:30] Strongly threatening g5.} Nd3 22. g5 hxg5 23. fxg5 Nxe5 24. dxe5 {[%emt 0:00:30] Threatens to win with g6.} Re6 {[%emt 0:00:30] [#]} 25. Rf6 $3 {[%emt 0:00:30][%mdl 512] Hoping for Rxe6.} Qe7 {[%emt 0:00:30] [#]} 26. g6 $1 fxg6 $14 27. Rxg6 Rxg6 28. Qxg6 Ra8 $1 29. e6 ({Reject} 29. Nxe4 Bxe4 30. Qxe4 Re8 $11) (29. Ne2 $14 Rf8 30. Rg5) 29... Rf8 $1 $11 30. Nxe4 {[%emt 0:00:30] The board is on fire.} Bxe4 31. Qxe4 {[%emt 0:00:30][%mdl 4096] Endgame KQR-KQR} Rf6 {[%emt 0:00:30] [#]} (31... Qf6 $11) 32. Rg6 $1 $16 {[%emt 0:00:30] Black must now prevent Rxf6.} Rxg6+ 33. Qxg6 {[%emt 0:00:30] KQ-KQ} Kf8 $2 {[%emt 0:00:30] [#] Black cannot hold the game after this.} (33... a5 $16 {was worth a try.}) 34. Kf2 $1 $18 Qf6+ $2 (34... b4 $18 35. Kf3 a5) 35. Qxf6+ gxf6 36. Kf3 {[%emt 0:00:30] White is clearly winning.} Ke7 37. Ke4 Kxe6 38. a3 a5 39. Kd4 Kf5 40. Kc5 {[%emt 0:00:30] Weighted Error Value: White=0.08 (flawless) /Black=0.53} 1-0

[Event "Doeberl Cup 2022"]
[Site "Canberra"]
[Date "2022.04.15"]
[Round "4.3"]
[White "Kethro, Michael"]
[Black "Kuybokarov, Temur"]
[Result "0-1"]
[ECO "D85"]
[WhiteElo "2122"]
[BlackElo "2576"]
[Annotator "TA"]
[PlyCount "48"]
[EventDate "2022.04.14"]
[EventType "swiss"]
[EventCountry "AUS"]
[SourceTitle "playchess.com"]
[Source "ChessBase"]
[SourceQuality "1"]
[TimeControl "5400+30"]

1. d4 Nf6 2. c4 g6 3. Nc3 d5 4. cxd5 Nxd5 5. e4 Nxc3 6. bxc3 Bg7 7. Bg5 {[%emt 0:01:09] 7.Nf3 is the modern continuation. D85: Exchange Grünfeld: Unusual White 7th moves and lines with 7 Nf3.} c5 8. Rc1 O-O 9. Nf3 {[%emt 0:00:15] The position is equal.} ({Of course not} 9. dxc5 Qa5 $15) 9... Bg4 10. d5 Qd6 11. Be2 Bxf3 12. Bxf3 b5 13. O-O Nd7 14. Qd2 c4 {[%emt 0:03:09] [#]} 15. Be3 $146 ({Predecessor:} 15. Qe3 Nc5 16. Be2 e5 17. dxe6 Nxe6 18. Rfd1 Qa3 19. Bh4 Rfe8 20. Rd5 Nc7 21. Rd7 Ne6 22. Rd5 Nc7 23. Rd7 Ne6 24. Rd5 Nc7 {½-½ (24) Lysyj,I (2623)-Drygalov,A (2494) Yaroslavl 2019}) 15... Rfd8 16. g3 a5 17. Be2 Nc5 18. Qc2 Na4 19. Bxc4 Nxc3 20. Be2 (20. Bd3 $142) 20... Qa3 $17 {[%emt 0:00:00] &Nero is more active.} 21. Bf3 (21. Bd3 $17 {keeps fighting.}) 21... Nxa2 $19 ({Not} 21... Qxa2 22. Qxa2 Nxa2 23. Rc7 $15) 22. Rcd1 Rac8 23. Qd2 Nc3 24. Rc1 (24. Ra1 {was called for.} Ne2+ 25. Bxe2 Bxa1 26. Bxb5) 24... b4 {[%emt 0:00:00] Weighted Error Value: White=0.28 (precise) /Black=0.04 (flawless)} 0-1